| TOP OF THE 1ST |
|
El Paso Chihuahuas batting - Pitching for Syracuse Chiefs : RHP Justin Ashton
|
|
Pitching: RHP Justin Ashton
|
|
|
Batting: RHB Rudolf Gommers
|
0-0: Ball 1-0: Ground out 6-3 (Groundball, 6, EV 81.3 MPH)
|
|
Batting: SHB Chris Haugen
|
0-0: Called Strike 0-1: Ball 1-1: Foul Ball, location: 2F 1-2: Foul Ball, location: 2F 1-2: Ball 2-2: SINGLE (Line Drive, 56, EV 97.5 MPH)
|
|
Batting: RHB Jose Morrissey
|
0-0: Fly out, F3 (Popup, 3S, EV 73.1 MPH)
|
|
Batting: RHB Matthew Starr
|
0-0: Ball 1-0: Called Strike 1-1: Ball 2-1: Ball 3-1: Called Strike 3-2: DOUBLE (Line Drive, 9LD, EV 105.6 MPH) Chris Haugen to third Chris Haugen scores
|
|
Batting: RHB Itsuo Yoshioka
|
0-0: Fly out, F9 (Flyball, 9LS, EV 79.4 MPH)
|
| Top of the 1st over - 1 run, 2 hits, 0 errors, 1 left on base; El Paso 1 - Syracuse 0 |
| BOTTOM OF THE 1ST |
|
Syracuse Chiefs batting - Pitching for El Paso Chihuahuas : RHP Chris Leavitt
|
|
Pitching: RHP Chris Leavitt
|
|
|
Batting: LHB Dillon Gonzalez
|
0-0: Called Strike 0-1: Ball 1-1: Foul Ball, location: 2F 1-2: Foul Ball, location: 2F 1-2: Ground out 6-3 (Groundball, 6, EV 91.9 MPH)
|
|
Batting: LHB Dana McDonald
|
0-0: Called Strike 0-1: Ball 1-1: Swinging Strike 1-2: Strikes out swinging
|
|
Batting: LHB Sidney Pedder
|
0-0: Called Strike 0-1: Ball 1-1: Ball 2-1: Foul Ball, location: 2F 2-2: Foul Ball, location: 2F 2-2: Foul Ball, location: 2F 2-2: Strikes out swinging
|
| Bottom of the 1st over - 0 runs, 0 hits, 0 errors, 0 left on base; El Paso 1 - Syracuse 0 |
| TOP OF THE 2ND |
|
El Paso Chihuahuas batting - Pitching for Syracuse Chiefs : RHP Justin Ashton
|
|
Batting: SHB Gregg Whitecotton
|
0-0: Ball 1-0: Swinging Strike 1-1: Foul Ball, location: 2F 1-2: Ball 2-2: SINGLE (Flyball, 9S, EV 90.6 MPH)
|
|
Batting: LHB Ben Antal
|
0-0: Fly out, F5 (Popup, 5SF, EV 87.5 MPH)
|
|
Batting: RHB Ben Zeiler
|
0-0: Ball Gregg Whitecotton is caught stealing 2nd base 2-4 1-0: Called Strike 1-1: Ball 2-1: Ball 3-1: Base on Balls
|
|
Batting: RHB Mike Manchester
|
0-0: Called Strike 0-1: Ball 1-1: Ball 2-1: Foul Ball, location: 2F 2-2: Strikes out looking
|
| Top of the 2nd over - 0 runs, 1 hit, 0 errors, 1 left on base; El Paso 1 - Syracuse 0 |
| BOTTOM OF THE 2ND |
|
Syracuse Chiefs batting - Pitching for El Paso Chihuahuas : RHP Chris Leavitt
|
|
Batting: RHB Jared Speck
|
0-0: Called Strike 0-1: Ball 1-1: Ball 2-1: SINGLE (Flyball, 6MD, EV 91.9 MPH)
|
|
Batting: RHB Danny Gerardo
|
0-0: Swinging Strike 0-1: Foul Ball, location: 2F 0-2: Ball 1-2: Foul Ball, location: 2F 1-2: Foul Ball, location: 2F 1-2: Strikes out looking
|
|
Batting: RHB Ben Welt
|
0-0: Called Strike 0-1: Called Strike 0-2: Ball 1-2: Strikes out swinging
|
|
Batting: RHB Niek de Haan
|
0-0: Ball Jared Speck steals 2nd base 1-0: Called Strike 1-1: Called Strike 1-2: Strikes out looking
|
| Bottom of the 2nd over - 0 runs, 1 hit, 0 errors, 1 left on base; El Paso 1 - Syracuse 0 |
| TOP OF THE 3RD |
|
El Paso Chihuahuas batting - Pitching for Syracuse Chiefs : RHP Justin Ashton
|
|
Batting: RHB Rudolf Gommers
|
0-0: Ball 1-0: Called Strike 1-1: Foul Ball, location: 2F 1-2: Ball 2-2: DOUBLE (Groundball, 5L, EV 103.1 MPH)
|
|
Batting: SHB Chris Haugen
|
0-0: Swinging Strike 0-1: Ball 1-1: Foul Ball, location: 2F 1-2: Ground out 4-3 (Groundball, 34, EV 107.5 MPH) Rudolf Gommers to third
|
|
Batting: RHB Jose Morrissey
|
0-0: Ball 1-0: Ball 2-0: Fly out, F6 (Flyball, 6MD, EV 84.4 MPH)
|
|
Batting: RHB Matthew Starr
|
0-0: Ball 1-0: Ball 2-0: Called Strike 2-1: Foul Ball, location: 2F 2-2: Foul Ball, location: 2F 2-2: Ground out 4-3 (Groundball, 4, EV 88.1 MPH)
|
| Top of the 3rd over - 0 runs, 1 hit, 0 errors, 1 left on base; El Paso 1 - Syracuse 0 |
| BOTTOM OF THE 3RD |
|
Syracuse Chiefs batting - Pitching for El Paso Chihuahuas : RHP Chris Leavitt
|
|
Batting: RHB Ke-yue Hong
|
0-0: Ball 1-0: Foul Ball, location: 2F 1-1: Ground out 6-3 (Groundball, 6, EV 101.3 MPH)
|
|
Batting: RHB Ryan Short
|
0-0: Ground out 6-3 (Groundball, 6, EV 83.1 MPH)
|
|
Batting: LHB Dillon Gonzalez
|
0-0: SINGLE (Groundball, 6D, EV 104.4 MPH)
|
|
Batting: LHB Dana McDonald
|
0-0: Called Strike Dillon Gonzalez steals 2nd base 0-1: Foul Ball, location: 2F 0-2: Ball 1-2: Ball 2-2: Ground out U3 (Groundball, 34S, EV 93.8 MPH)
|
| Bottom of the 3rd over - 0 runs, 1 hit, 0 errors, 1 left on base; El Paso 1 - Syracuse 0 |
| TOP OF THE 4TH |
|
El Paso Chihuahuas batting - Pitching for Syracuse Chiefs : RHP Justin Ashton
|
|
Batting: RHB Itsuo Yoshioka
|
0-0: Called Strike 0-1: Ball 1-1: Foul Ball, location: 2F 1-2: Ball 2-2: Foul Ball, location: 2F 2-2: Foul Ball, location: 2F 2-2: Ball 3-2: Fly out, F8 (Flyball, 8LD, EV 83.8 MPH)
|
|
Batting: SHB Gregg Whitecotton
|
0-0: Swinging Strike 0-1: Swinging Strike 0-2: Hit by Pitch
|
|
Batting: LHB Ben Antal
|
0-0: Called Strike 0-1: Ball 1-1: Foul Ball, location: 2F 1-2: Foul Ball, location: 2F 1-2: Grounds into double play, 4-6-3 (Groundball, 34, EV 90.6 MPH)
|
| Top of the 4th over - 0 runs, 0 hits, 0 errors, 0 left on base; El Paso 1 - Syracuse 0 |
| BOTTOM OF THE 4TH |
|
Syracuse Chiefs batting - Pitching for El Paso Chihuahuas : RHP Chris Leavitt
|
|
Batting: LHB Sidney Pedder
|
0-0: Foul Ball, location: 2F 0-1: Ball 1-1: Ball 2-1: SINGLE (Groundball, 4MD, EV 110.6 MPH)
|
|
Batting: RHB Jared Speck
|
0-0: Ball 1-0: Called Strike 1-1: Ball 2-1: Foul Ball, location: 2F 2-2: Strikes out looking
|
|
Batting: RHB Danny Gerardo
|
0-0: Ball Sidney Pedder is caught stealing 2nd base 2-4 1-0: Called Strike 1-1: Ball 2-1: Ground out U3 (Groundball, 34, EV 86.9 MPH)
|
| Bottom of the 4th over - 0 runs, 1 hit, 0 errors, 0 left on base; El Paso 1 - Syracuse 0 |
| TOP OF THE 5TH |
|
El Paso Chihuahuas batting - Pitching for Syracuse Chiefs : RHP Justin Ashton
|
|
Batting: RHB Ben Zeiler
|
0-0: Ball 1-0: Fly out, F9 (Line Drive, 9, EV 92.5 MPH)
|
|
Batting: RHB Mike Manchester
|
0-0: Ball 1-0: Called Strike 1-1: Ball 2-1: Ball 3-1: Foul Ball, location: 2F 3-2: Ground out 3-1 (Groundball, 34S, EV 68.8 MPH)
|
|
Batting: RHB Rudolf Gommers
|
0-0: Ball 1-0: Called Strike 1-1: Ball 2-1: Foul Ball, location: 2F 2-2: Ball 3-2: Foul Ball, location: 2F 3-2: Ground out 5-3 (Groundball, 56S, EV 85.6 MPH)
|
| Top of the 5th over - 0 runs, 0 hits, 0 errors, 0 left on base; El Paso 1 - Syracuse 0 |
| BOTTOM OF THE 5TH |
|
Syracuse Chiefs batting - Pitching for El Paso Chihuahuas : RHP Chris Leavitt
|
|
Batting: RHB Ben Welt
|
0-0: SINGLE (Groundball, 56S, EV 63.8 MPH) (infield hit)
|
|
Batting: RHB Niek de Haan
|
0-0: Fielders Choice at 2nd, 1-6 (Groundball, 13, EV 66.9 MPH)
|
|
Batting: RHB Ke-yue Hong
|
0-0: Called Strike 0-1: Ball Niek de Haan steals 2nd base 1-1: 2-RUN HOME RUN (Flyball, 7D, EV 93.1 MPH), Distance : 365 ft
|
|
Batting: RHB Ryan Short
|
0-0: Single, Error in OF, E7, batter to second base (Line Drive, 7LS, EV 103.8 MPH)
|
|
Batting: LHB Dillon Gonzalez
|
0-0: Ball 1-0: Ball 2-0: Ball Wild Pitch! Ryan Short to third 3-0: Called Strike 3-1: Ground out 6-3 (Groundball, 6S, EV 91.3 MPH) Ryan Short scores
|
|
Batting: LHB Dana McDonald
|
0-0: Ball 1-0: Ball 2-0: Called Strike 2-1: Called Strike 2-2: Strikes out swinging
|
| Bottom of the 5th over - 3 runs, 3 hits, 1 error, 0 left on base; El Paso 1 - Syracuse 3 |
| TOP OF THE 6TH |
|
El Paso Chihuahuas batting - Pitching for Syracuse Chiefs : RHP Justin Ashton
|
|
Batting: SHB Chris Haugen
|
0-0: Ball 1-0: Foul Ball, location: 2F 1-1: Ball 2-1: Ground out 5-3 (Groundball, 56S, EV 82.5 MPH)
|
|
Batting: RHB Jose Morrissey
|
0-0: Ground out 4-3 (Groundball, 4, EV 80.0 MPH)
|
|
Batting: RHB Matthew Starr
|
0-0: Ball 1-0: Ball 2-0: Ball 3-0: Base on Balls
|
|
Batting: RHB Itsuo Yoshioka
|
Pickoff Throw to First - Out! 1-3
|
| Top of the 6th over - 0 runs, 0 hits, 0 errors, 0 left on base; El Paso 1 - Syracuse 3 |
| BOTTOM OF THE 6TH |
|
Syracuse Chiefs batting - Pitching for El Paso Chihuahuas : RHP Chris Leavitt
|
|
Batting: LHB Sidney Pedder
|
0-0: Ball 1-0: Fly out, F8 (Flyball, 8RD, EV 88.1 MPH)
|
|
Batting: RHB Jared Speck
|
0-0: Ball 1-0: SOLO HOME RUN (Flyball, 7D, EV 98.1 MPH), Distance : 357 ft
|
|
Batting: RHB Danny Gerardo
|
0-0: Ground out 6-3 (Groundball, 6, EV 81.9 MPH)
|
|
Batting: RHB Ben Welt
|
0-0: Ball 1-0: Ball 2-0: Foul Ball, location: 2F 2-1: Ball 3-1: Base on Balls
|
|
Batting: RHB Niek de Haan
|
0-0: Called Strike 0-1: SINGLE (Flyball, 3D, EV 91.3 MPH) Ben Welt to second Runner from 2nd tries for 3rd, SAFE, no throw by RF
|
|
Batting: RHB Ke-yue Hong
|
0-0: Fly out, F9 (Flyball, 9S, EV 95.0 MPH)
|
| Bottom of the 6th over - 1 run, 2 hits, 0 errors, 2 left on base; El Paso 1 - Syracuse 4 |
| TOP OF THE 7TH |
|
El Paso Chihuahuas batting - Pitching for Syracuse Chiefs : RHP Justin Ashton
|
|
Batting: RHB Itsuo Yoshioka
|
0-0: Called Strike 0-1: Foul Ball, location: 2F 0-2: Ball 1-2: Foul Ball, location: 2F 1-2: Ball 2-2: Foul Ball, location: 2F 2-2: Ball 3-2: Fly out, F8 (Line Drive, 8RD, EV 86.3 MPH)
|
|
Pitching: RHP Danny Newbegin
|
|
|
Batting: SHB Gregg Whitecotton
|
0-0: Called Strike 0-1: Foul Ball, location: 2F 0-2: Ground out U3 (Groundball, 34S, EV 75.6 MPH)
|
|
Batting: LHB Ben Antal
|
0-0: Swinging Strike 0-1: Foul Ball, location: 2F 0-2: Ball 1-2: Foul Ball, location: 2F 1-2: Strikes out swinging, 2-3 out at first.
|
| Top of the 7th over - 0 runs, 0 hits, 0 errors, 0 left on base; El Paso 1 - Syracuse 4 |
| BOTTOM OF THE 7TH |
|
Syracuse Chiefs batting - Pitching for El Paso Chihuahuas : RHP Chris Leavitt
|
|
Batting: RHB Ryan Short
|
0-0: Ball 1-0: Called Strike 1-1: Foul Ball, location: 2F 1-2: Ground out 4-3 (Groundball, 4MD, EV 100.0 MPH)
|
|
Batting: LHB Dillon Gonzalez
|
0-0: Ball 1-0: Ground out 4-3 (Groundball, 4M, EV 86.9 MPH)
|
|
Batting: LHB Dana McDonald
|
0-0: Ground out 5-3 (Groundball, 56S, EV 86.3 MPH)
|
| Bottom of the 7th over - 0 runs, 0 hits, 0 errors, 0 left on base; El Paso 1 - Syracuse 4 |
| TOP OF THE 8TH |
|
El Paso Chihuahuas batting - Pitching for Syracuse Chiefs : RHP Danny Newbegin
|
|
Batting: RHB Ben Zeiler
|
0-0: Ground out 5-3 (Groundball, 56S, EV 75.0 MPH)
|
|
Pinch Hitting: SHB Devin Hottenstein
|
0-0: Ball 1-0: Foul Ball, location: 2F 1-1: Called Strike 1-2: Foul Ball, location: 2F 1-2: Strikes out swinging
|
|
Batting: RHB Rudolf Gommers
|
0-0: Ball 1-0: Ball 2-0: Fly out, F2 (Popup, 2RF, EV 88.8 MPH)
|
| Top of the 8th over - 0 runs, 0 hits, 0 errors, 0 left on base; El Paso 1 - Syracuse 4 |
| BOTTOM OF THE 8TH |
|
Syracuse Chiefs batting - Pitching for El Paso Chihuahuas : RHP Chris Leavitt
|
|
Now at 1B: Devin Hottenstein
|
|
|
Now at 3B: Itsuo Yoshioka
|
|
|
Batting: LHB Sidney Pedder
|
0-0: Swinging Strike 0-1: Ball 1-1: Foul Ball, location: 2F 1-2: Foul Ball, location: 2F 1-2: Ball 2-2: Ball 3-2: Base on Balls
|
|
Pitching: RHP Jason Decker
|
|
|
Batting: RHB Jared Speck
|
0-0: Ball 1-0: Grounds into double play, 6-4-3 (Groundball, 6, EV 80.0 MPH)
|
|
Batting: RHB Danny Gerardo
|
0-0: Ball 1-0: Ground out 4-3 (Groundball, 4, EV 101.3 MPH)
|
| Bottom of the 8th over - 0 runs, 0 hits, 0 errors, 0 left on base; El Paso 1 - Syracuse 4 |
| TOP OF THE 9TH |
|
El Paso Chihuahuas batting - Pitching for Syracuse Chiefs : RHP Danny Newbegin
|
|
Pitching: LHP Jake Richards
|
|
|
Batting: SHB Chris Haugen
|
0-0: Ball 1-0: Ball 2-0: Ground out 6-3 (Groundball, 6S, EV 88.8 MPH)
|
|
Batting: RHB Jose Morrissey
|
0-0: Ground out 5-3 (Groundball, 25, EV 86.9 MPH)
|
|
Batting: RHB Matthew Starr
|
0-0: Ball 1-0: Foul Ball, location: 2F 1-1: Ground out 3-1 (Groundball, 34, EV 87.5 MPH)
|
| Top of the 9th over - 0 runs, 0 hits, 0 errors, 0 left on base; El Paso 1 - Syracuse 4 |
|